 Dungeon Crawl Stone Soup version 0.17-a0-1718-g72dbe4d (webtiles) character file.

51 Oddball22 the Digger (level 3, -4/19 HPs)
             Began as a Gargoyle Earth Elementalist on Aug 26, 2015.
             Slain by a gnoll
             ... wielding a +0 flail
              (8 damage)
             ... on level 2 of the Dungeon.
             The game lasted 00:05:18 (1079 turns).

Oddball22 the Digger (Gargoyle Earth Elementalist)  Turns: 1079, Time: 00:05:18

Health: -4/19      AC:  5    Str: 12    XL:     3   Next: 83%
Magic:  7/7        EV:  7    Int: 15    God:
Gold:   105        SH:  0    Dex: 10    Spells: 3 memorised, 2 levels left

rFire  . . .     SeeInvis .     i - +0 club
rCold  . . .     Clarity  .     b - +0 robe
rNeg   + . .     SustAt   .     (no shield)
rPois  ∞         Gourm    .     (no helmet)
rElec  +         Spirit   .     (no cloak)
rCorr  .         Warding  .     (no gloves)
rMut   .         Stasis   .     (no boots)
MR     .....                    (no amulet)
Stlth  ++........               (no ring)
                                (no ring)

@: not resistant to hostile enchantments, unstealthy
A: negative energy resistance 1, electricity resistance, unbreathing,
petrification resistance, rot immunity, AC +3
a: no special abilities


You were on level 2 of the Dungeon.
You were not hungry.

You visited 1 branch of the dungeon, and saw 2 of its levels.

You collected 105 gold pieces.

Inventory:

Hand weapons
 i - a +0 club (weapon)
Missiles
 a - 67 stones (quivered)
Armour
 b - a +0 robe (worn)
Scrolls
 f - 3 scrolls of remove curse {unknown}
 g - 2 scrolls of random uselessness {unknown}
 k - a scroll of noise {unknown}
 l - a scroll of identify {unknown}
 n - a scroll of enchant armour {unknown}
 o - a scroll of teleportation {unknown}
Potions
 e - a potion of resistance {unknown}
 h - 2 potions of brilliance {unknown}
 m - a potion of ambrosia {unknown}
Books
 c - a book of Geomancy

   Spells                             Type                      Level
   a - Sandblast                      Earth                        1
   b - Stoneskin                      Transmutation/Earth          2
   c - Passwall                       Transmutation/Earth          3
   d - Stone Arrow                    Conjuration/Earth            3
   e - Petrify                        Transmutation/Earth          4
   f - Lee's Rapid Deconstruction     Earth                        5
Comestibles
 d - 2 bread rations
 j - a chunk of flesh


   Skills:
 - Level 1.5 Dodging
 - Level 2.1 Stealth
 + Level 3.0 Spellcasting
 - Level 0.7 Transmutations
 - Level 4.7 Earth Magic


You had 2 spell levels left.
You knew the following spells:

 Your Spells              Type           Power        Failure   Level  Hunger
a - Sandblast             Erth           ###...       3%          1    #......
b - Stoneskin             Trmt/Erth      ##......     12%         2    ##.....
c - Passwall              Trmt/Erth      ##........   24%         3    ###....


Dungeon Overview and Level Annotations

Branches:
Dungeon (2/15)

Altars:


Innate Abilities, Weirdness & Mutations

You are resistant to torment.
Your stone body is resilient (AC +3).
You are immune to poison.
You resist negative energy.
You are resistant to electric shocks.
You can survive without breathing.
You are immune to petrification.
You are immune to rotting.


Message History

Okay, then.
You start resting.
Some of the chunks of flesh in your inventory have rotted away.
You start resting.
Magic restored.
(D) Dungeon
Where to? (Enter - D:2, ? - help)
There is a stone staircase leading down here.
You climb downwards.
HP restored.
The gnoll hits you but does no damage. The gnoll hits you with a flail.
There is a stone staircase leading up here.
(D) Dungeon
Where to? (Enter - D:2, ? - help)
There are monsters nearby!
Unknown command.
The gnoll hits you with a flail!
Ouch! That really hurt!
* * * LOW HITPOINT WARNING * * *
The gnoll hits you with a flail!
You die...

### #### ##### ##.. ...
...# ####### ..... .?#
####.###.....# ...
#.###..).........# .....
#.#...[........<.###
##.##.##.#.#.##.###..<.....
.....%....@g.##.###.....##.
#........).g....b##...###
...#..##.#.#............#
#). #.#.#.########.#)#
###.#..##.#...# ...#.#
...g....s.#..)# #####..
.......####...# #.##
###.#.# #.#.# #.# # #.
#.#.# #.#


You could see 2 gnolls and a bat.

Vanquished Creatures
  2 gnolls (D:2)
  A worm (D:1)
  4 giant cockroaches (D:1)
  4 goblins
  7 hobgoblins
  3 bats (D:1)
  3 kobolds
  4 rats
28 creatures vanquished.

Notes
Turn   | Place    | Note
--------------------------------------------------------------
     0 | D:1      | Oddball22 the Gargoyle Earth Elementalist began the quest for the Orb.
     0 | D:1      | Reached XP level 1. HP: 10/10 MP: 3/3
   411 | D:1      | Reached XP level 2. HP: 15/15 MP: 3/5
   602 | D:1      | Reached skill level 4 in Earth Magic
   615 | D:1      | Learned a level 2 spell: Stoneskin
   824 | D:2      | Reached XP level 3. HP: 19/19 MP: 0/6
   967 | D:1      | Learned a level 3 spell: Passwall
  1079 | D:2      | Slain by a gnoll

Vault maps used:
D:1:      dpeg_arrival_sounds_slurp
D:2:      nicolae_ru_great_annihilating_truth, first_bread, minivault_27,
          nemelex_spade_bored_becter

Action                   || total
-------------------------++-------
Melee: Club              ||    51
       Unarmed           ||     9
 Cast: Sandblast         ||    45
  Eat: Chunk             ||     1
